 Dungeon Crawl Stone Soup version 0.20.1 (webtiles) character file.

707347 panicbit the Minotaur Barricade (level 27, -18/409 HPs)
             Began as a Minotaur Fighter on July 2, 2017.
             Was a High Priest of Okawaru.
             Killed from afar by an ancient lich (43 damage)
             ... with an iron shot
             ... on level 5 of the Realm of Zot.
             The game lasted 05:32:40 (73290 turns).

panicbit the Minotaur Barricade (Minotaur Fighter) Turns: 73290, Time: 05:32:40

Health: -18/409    AC: 36    Str: 22    XL:     27
Magic:  29/32      EV:  2    Int: 10    God:    Okawaru [*****.]
Gold:   2153       SH: 29    Dex: 20    Spells: 26/26 levels left

rFire    + . .     SeeInvis .   P - +1 broad axe "Laremm" {chop, +Fly MR- Int+9 Dex-2}
rCold    + . .     Gourm    .   C - +5 shield {AC+3}
rNeg     + + +     Faith    .   (armour currently unavailable)
rPois    +         Spirit   .   (helmet currently unavailable)
rElec    .         Reflect  +   (cloak currently unavailable)
rCorr    .         Harm     .   (gloves currently unavailable)
MR       +++..     NoTele   +   (boots currently unavailable)
Stlth    ++++......             g - +5 amulet of reflection
Regen    0.8/turn               h - ring of the Greedy {rF+ rC+ MR+}
MPRegen  0.3/turn               p - ring of protection from magic

@: tree-form, heroism, finesse
A: (retaliatory headbutt), blurry vision 2, dopey 2, screaming 1, MP-powered
wands
}: 3/15 runes: serpentine, barnacled, silver
a: Heroism, Finesse, Renounce Religion


You were on level 5 of the Realm of Zot.
You worshipped Okawaru.
Okawaru was extremely pleased with you.
You were completely stuffed.
You were a tree.
You visited 10 branches of the dungeon, and saw 49 of its levels.
You also visited: Labyrinth and Trove.

You collected 7106 gold pieces.
You spent 4953 gold pieces at shops.

Inventory:

Hand Weapons
 P - the +1 broad axe "Laremm" (weapon) {chop, +Fly MR- Int+9 Dex-2}
   (Okawaru gifted it to you on level 11 of the Dungeon)

   It inflicts extra damage upon your enemies.
   It affects your intelligence (+9).
   It affects your dexterity (-2).
   It affects your resistance to hostile enchantments.
   It lets you fly.
 V - the +10 battleaxe of the Hills {chop, *Contam rElec rC+}
   (Okawaru gifted it to you on level 1 of the Lair of Beasts)

   It inflicts extra damage upon your enemies.
   It protects you from cold.
   It insulates you from electricity.
   It causes magical contamination when unequipped.
Armour
 b - the +1 hat of the Bard {rF+ Str+4}
   (You found it in a treasure trove)

   It affects your strength (+4).
   It protects you from fire.
 c - a +6 plate armour of fire resistance
 j - the +9 crystal plate armour of Zishrep (melded) {rPois rN+ MR- Int+3}
   (Okawaru gifted it to you on level 4 of the Depths)

   It affects your intelligence (+3).
   It protects you from poison.
   It protects you from negative energy.
   It affects your resistance to hostile enchantments.
 l - the +1 pair of boots of the Thistle {Dex+4}
   (You bought it in a shop on level 2 of the Orcish Mines)

   It affects your dexterity (+4).
 o - the +2 shield of Daclag {-Tele rN+ Int+6 Stlth+}
   (You took it off Asterion on level 1 of the Depths)

   It affects your intelligence (+6).
   It protects you from negative energy.
   It prevents most forms of teleportation.
   It makes you more stealthy.
 s - the +2 pair of boots "Enkuju" (melded) {Str+2}
   (You found it in a labyrinth)

   It affects your strength (+2).
 A - a +2 cloak of magic resistance (melded)
 B - the +3 pair of gloves of the Wumpus {-Cast rPois rN+++}
   (Okawaru gifted it to you on level 4 of the Realm of Zot)

   It protects you from poison.
   It renders you almost immune to negative energy.
   It prevents spellcasting.
 C - a +5 shield of protection (worn)
 G - a +2 pair of gloves of dexterity (melded)
 M - the +0 crystal plate armour of Minor Irritation {rN+ MR+}
   (Okawaru gifted it to you on level 8 of the Dungeon)

   It protects you from negative energy.
   It affects your resistance to hostile enchantments.
 U - a +2 hat of magic resistance (melded)
Jewellery
 a - the ring of Nuos {EV+2 Str+3 Dex+3}
   (You found it in a treasure trove)

   [ring of evasion]

   It affects your evasion (+2).
   It affects your strength (+3).
   It affects your dexterity (+3).
 e - the ring of Yckufe {rElec Str+5 Int+4 Stlth+}
   (You found it on level 4 of the Depths)

   [ring of intelligence]

   It affects your strength (+5).
   It affects your intelligence (+4).
   It insulates you from electricity.
   It makes you more stealthy.
 g - a +5 amulet of reflection (around neck)
 h - the ring of the Greedy (left branch) {rF+ rC+ MR+}
   (You found it in a treasure trove)

   [ring of protection from cold]

   It protects you from fire.
   It protects you from cold.
   It affects your resistance to hostile enchantments.
 p - a ring of protection from magic (right branch)
 u - an uncursed ring of poison resistance
 v - the cursed necklace of Bloodlust {*Rage +Rage MR++ Int-3 Slay+6 *Curse}
   (You found it in a labyrinth)

   [amulet of rage]

   It affects your intelligence (-3).
   It affects your accuracy and damage with ranged weapons and melee attacks
   (+6).
   It affects your resistance to hostile enchantments.
   It lets you go berserk.
   It may make you go berserk in combat.
   It curses itself when equipped.
   It has a curse placed upon it.
 D - an uncursed amulet of regeneration
 E - an uncursed ring of resist corrosion
 I - an uncursed ring of see invisible
 S - the ring of Atsynarch {+Blink Int+3 Stlth-}
   (You found it on level 10 of the Dungeon)

   [ring of loudness]

   It affects your intelligence (+3).
   It lets you blink.
   It makes you less stealthy.
 T - an uncursed ring of protection from magic
 Y - an uncursed ring of positive energy
Scrolls
 k - 13 scrolls of teleportation
 m - 5 scrolls of holy word
 y - 11 scrolls of fog
 H - 3 scrolls of blinking
 J - 7 scrolls of silence
 L - 3 scrolls of magic mapping
 R - 23 scrolls of remove curse
 W - 11 scrolls of fear
 Z - a scroll of identify
Potions
 d - 6 potions of flight
 i - 8 potions of agility
 q - a potion of might
 r - 4 potions of berserk rage
 t - 5 potions of invisibility
 w - 7 potions of lignification
 x - 8 potions of heal wounds
 z - 21 potions of curing
 F - 14 potions of haste
 N - 13 potions of brilliance
 O - 7 potions of resistance
 Q - 5 potions of ambrosia
 X - 4 potions of cancellation
Comestibles
 f - 29 bread rations
 n - 12 meat rations


   Skills:
 O Level 27 Fighting
 O Level 27 Axes
   Level 2.2(23.8) Maces & Flails
   Level 15.2(27) Polearms
 + Level 26.2(27) Armour
 + Level 5.0(10.0) Dodging
 + Level 2.5(7.5) Stealth
 O Level 27 Shields
 + Level 1.5(6.5) Unarmed Combat
 + Level 13.7 Invocations
 + Level 5.1 Evocations


You had 26 spell levels left.
You didn't know any spells.

Dungeon Overview and Level Annotations

Branches:
Dungeon (15/15)            Temple (1/1) D:4            Lair (6/6) D:11
 Shoals (4/4) Lair:3        Snake (4/4) Lair:3        Slime (2/5) Lair:5
    Orc (2/2) D:12            Elf (0/3) Orc:2        Vaults (5/5) D:13
  Crypt (0/3) Vaults:2     Depths (5/5) D:15            Zot (5/5) Depths:5

Altars:
Ashenzari
Cheibriados
Dithmenos
Elyvilon
Fedhas
Gozag
Hepliaklqana
Kikubaaqudgha
Makhleb
Nemelex Xobeh
Okawaru
Qazlal
Ru
Sif Muna
Trog
Uskayaw
Vehumet
Xom
Yredelemnul
Zin
The Shining One

Shops:
D:4 (   Orc:1 *   Orc:2 [:(!   Shoals:3 [   Snake:2 ?   Depths:2 }?[[?

Portals:
Hell: Depths:1 Depths:2 Depths:3 Depths:4 Depths:5
Abyss: Depths:1 Depths:4
Pandemonium: Depths:3
Ziggurat: Depths:3


Innate Abilities, Weirdness & Mutations

((You reflexively headbutt those who attack you in melee.))
((You have a pair of horns on your head.))
Scrolls take you longer to read.
((Armour fits poorly on your strangely shaped body.))
You are very dopey. (Int -4)
You occasionally shout uncontrollably at your foes.
((You are covered in fur. (AC +1)))
You expend magic power (3 MP) to strengthen your wands.


Message History

Strange energies course through your body.
Your vision blurs.
The blizzard demon waves its arms in wide circles.
The air twists around and strikes you!
* * * LOW HITPOINT WARNING * * *
You turn into a tree.
Your +2 cloak of magic resistance melds into your body.
Your +2 hat of magic resistance melds into your body.
Your +2 pair of gloves of dexterity melds into your body.
The +2 pair of boots "Enkuju" {Str+2} melds into your body.
The +9 crystal plate armour of Zishrep {rPois rN+ MR- Int+3} melds into your body.
You feel less resistant to hostile enchantments. x2
You feel clumsy.
Your roots penetrate the ground.
The orb of fire glows yellow.
Strange energies course through your body.
Your vision blurs.
The ancient lich gestures at you while chanting.
The iron shot hits you!
You die...

▓▓▓▓▓▓▓▓▓▓#
....yDy.D.###
......##y.2.##
.....
###.L.##########
p...
##D............
^..
##.............
..
#..*♣......... .
##..X........#
#...........#
##...........##
#.............#
##.............#
#...............
####
########.######
.... #.#


You could see an orb of fire, a shadow dragon (berserk), a golden dragon
(berserk), an ancient lich, an Orb Guardian, a blizzard demon and a moth of
wrath.

Vanquished Creatures
  An ancient lich (Vaults:5)
  Mara (Depths:1)
  Mennas (Vaults:2)
  The ghost of PeterMcNeter the Wrestler, a legendary DrTm of Okawaru (Zot:1)
  3 juggernauts
  An orb of fire (Zot:1)
  Frederick (Vaults:3)
  Bai Suzhen (Shoals:3)
  Boris (Depths:3)
  4 curse toes
  Margery (Depths:3)
  3 caustic shrikes
  Nikola (Shoals:4)
  Jory (Depths:4)
  11 golden dragons
  Jorgrun (Depths:5)
  4 electric golems
  8 liches
  15 tentacled monstrosities
  Asterion (Depths:1)
  9 Orb Guardians (Zot:5)
  10 titans
  An acid blob (shapeshifter) (Vaults:5)
  15 quicksilver dragons
  Polyphemus (Shoals:3)
  15 death cobs
  2 krakens (Shoals:4)
  9 sphinxes
  4 acid blobs
  Kirke (Lair:4)
  9 tengu reavers
  9 shadow dragons
  23 storm dragons
  3 azure jellies
  18 fire giants
  4 draconian monks (Zot:1)
  Ilsuiw (Shoals:4)
  6 nagarajas
  9 draconian knights
  5 draconian scorchers
  10 frost giants
  5 ghost moths
  A deep elf sorcerer (Depths:4)
  Aizul (Depths:1)
  19 vault wardens
  9 draconian shifters
  4 iron dragons
  6 spriggan defenders
  5 draconian annihilators
  A caustic shrike skeleton (Depths:4)
  5 draconian stormcallers
  4 deep elf elementalists
  49 very ugly things
  2 war gargoyles (Vaults:5)
  35 stone giants
  11 ironheart preservers
  The ghost of PeterMcNeter the Eclecticist, a journeyman DEVM of Sif Muna (Shoals:1)
  8 vampire knights
  10 green draconians
  A deep elf demonologist (Depths:4)
  14 red draconians
  14 yellow draconians
  A small abomination (Depths:4)
  11 spark wasps
  3 deep elf annihilators (Vaults:5)
  13 purple draconians
  16 white draconians
  12 black draconians
  The ghost of Rhok the Severer, a journeyman MiBe of Trog (Lair:2)
  16 fire dragons
  A minotaur (Lab)
  4 merfolk javelineers
  23 ettins
  A death ooze (Slime:1)
  A deep elf death mage (Vaults:5)
  A great orb of eyes (shapeshifter) (Vaults:5)
  5 merfolk impalers
  Josephine (D:11)
  18 yaktaur captains
  13 ice dragons
  5 deep elf high priests
  33 vault guards
  The ghost of dvd the Reanimator, a journeyman DDNe of Makhleb (Lab)
  14 great orbs of eyes
  12 hydras
  3 merfolk avatars (Shoals:4)
  7 spriggan air magi
  16 naga warriors
  A catoblepas (shapeshifter) (Vaults:5)
  4 anacondas
  10 rakshasas
  2 alligator snapping turtles
  5 merfolk aquamancers (Shoals:4)
  7 centaur warriors
  66 two-headed ogres
  A dancing weapon (Vaults:5)
  4 catoblepae
  21 ogre magi
  3 satyrs
  3 death knights
  18 deep troll shamans
  13 death yaks
  9 tengu warriors
  Urug (Lair:4)
  A vampire mage (Depths:4)
  5 orc high priests (Orc:2)
  8 shock serpents
  10 deep troll earth magi
  17 spriggan berserkers
  8 naga sharpshooters
  13 hell knights
  A shock serpent (shapeshifter) (Depths:4)
  5 spriggans
  3 deep elf knights
  5 iron trolls
  2 shadow wraiths
  9 skeletal warriors
  21 sea snakes
  22 deep trolls
  13 flayed ghosts
  3 unseen horrors
  An unseen horror (shapeshifter) (D:15)
  9 glowing orange brains
  A deep troll (shapeshifter) (Vaults:5)
  3 naga ritualists
  An infernal demonspawn (Depths:3)
  A harpy (shapeshifter) (Vaults:4)
  17 orc knights
  3 wizards
  A wolf spider zombie (D:12)
  An orb spider (shapeshifter) (Depths:4)
  17 harpies
  7 deep elf magi
  13 necromancers
  4 phantasmal warriors
  A sphinx zombie (Depths:4)
  18 ironbrand convokers
  7 mana vipers
  An orc sorcerer (Orc:2)
  A shadow dragon skeleton (Vaults:3)
  A frost giant zombie (Vaults:1)
  4 wolf spiders
  15 manticores
  10 cyclopes
  29 fauns
  A shining eye (Slime:1)
  A tengu skeleton (Depths:4)
  A sphinx skeleton (Vaults:2)
  Maurice (D:12)
  70 ugly things
  9 salamanders
  8 elephants
  8 merfolk sirens
  16 vault sentinels
  3 stone giant skeletons (Vaults:2)
  30 black mambas
  A fire giant skeleton (Vaults:2)
  21 moths of wrath
  An eye of devastation (Slime:1)
  A guardian serpent (shapeshifter) (Vaults:3)
  11 naga magi
  7 water nymphs
  2 gargoyles
  10 guardian serpents
  2 hellions (Zot:2)
  11 spiny frogs
  A yaktaur (shapeshifter) (D:13)
  13 freezing wraiths
  8 komodo dragons
  A hellwing (Depths:4)
  5 rime drakes
  An efreet (Zot:2)
  A kobold demonologist (D:13)
  A tormentor (Depths:3)
  53 yaktaurs
  3 yaktaur skeletons
  10 trolls
  A troll (shapeshifter) (Depths:1)
  A wolf spider simulacrum (D:15)
  34 merfolk
  A meliai (shapeshifter) (D:15)
  4 tengu conjurers
  A jumping spider (shapeshifter) (Vaults:1)
  7 wind drakes
  56 slime creatures
  A polar bear (Lair:6)
  9 hornets
  A blink frog (shapeshifter) (D:14)
  2 hippogriffs (shapeshifter) (D:15)
  12 snapping turtles
  13 blink frogs
  A human simulacrum (Vaults:2)
  2 raiju (shapeshifter)
  The ghost of KleinerIrrer the Insei, an amateur OpTm (D:4)
  An iron dragon simulacrum (Depths:4)
  12 hippogriffs
  3 shadows
  8 redbacks (Snake:2)
  A spriggan (shapeshifter) (Depths:2)
  3 water elementals
  An ettin skeleton (Vaults:3)
  3 wyverns
  A wyvern (shapeshifter) (Depths:4)
  47 yaks
  5 wraiths
  6 air elementals
  6 basilisks
  3 basilisks (shapeshifter)
  2 fire elementals
  4 golden eyes (Slime:2)
  A human (shapeshifter) (Depths:4)
  3 hungry ghosts
  2 chaos spawn (Depths:3)
  8 vampire mosquitoes
  Edmund (D:5)
  A deep troll zombie (Vaults:1)
  A yaktaur simulacrum (Vaults:1)
  73 nagas
  5 wargs
  2 acid dragons
  2 soldier ants
  A floating eye (shapeshifter) (D:14)
  7 water moccasins
  A hell hound (Depths:2)
  9 porcupines
  A floating eye (Depths:3)
  A swamp drake (D:11)
  Duvessa (D:5)
  2 necrophages
  12 ice beasts
  53 orc warriors
  A phantom (D:4)
  A black bear (shapeshifter) (Vaults:3)
  2 black bears
  3 sky beasts
  An ettin simulacrum (Vaults:3)
  60 ogres
  An ogre (shapeshifter) (Vaults:5)
  52 wolves
  4 eyes of draining
  An orc skeleton (Vaults:2)
  12 centaurs
  19 crocodiles
  3 yaktaur zombies
  3 big kobolds
  14 bullfrogs
  A gnoll sergeant (D:13)
  A glowing shapeshifter simulacrum (Vaults:3)
  5 human skeletons
  2 scorpions
  A wyvern skeleton (D:14)
  Dowan (D:5)
  4 killer bees (D:12)
  11 wights
  A killer bee (shapeshifter) (Depths:4)
  8 howler monkeys
  2 bullfrog zombies
  5 crimson imps
  7 centaur zombies
  4 lava snakes (Lab)
  3 quasits
  7 hounds
  20 jellies
  3 iron imps
  34 orc priests
  22 orc wizards
  3 bullfrog skeletons
  8 centaur skeletons
  4 iguanas
  An iguana (shapeshifter) (Vaults:4)
  4 hell rats (Lair:6)
  12 worker ants
  3 hound zombies
  The ghost of KleinerIrrer the Chiller, a weakling OpIE (D:3)
  4 worker ant zombies
  7 gnolls
  11 adders
  5 shadow imps
  A white imp (Depths:3)
  An ufetubus (Depths:3)
  An ooze (D:5)
  2 adder skeletons (D:5)
  An adder zombie (D:8)
  A worm (D:3)
  A dart slug (D:4)
  5 leopard geckos
  109 orcs
  2 ball pythons
  5 giant cockroaches
  8 goblins
  6 hobgoblins
  3 quokkas
  9 bats
  6 frilled lizards
  A giant cockroach zombie (D:5)
  2 jackal skeletons
  A jackal zombie (D:7)
  16 kobolds
  A quokka skeleton (D:9)
  5 rats
  A rat (shapeshifter) (Vaults:5)
  2 crawling corpses (Vaults:5)
  A fungus (Lair:1)
  5 plants
  6 tentacles (Shoals:4)
2478 creatures vanquished.

Vanquished Creatures (others)
  A nagaraja (Snake:4)
  A vault warden (Vaults:5)
  A fire giant (Depths:5)
  A draconian annihilator (Zot:4)
  3 stone giants
  Nessos (D:12)
  2 merfolk javelineers (Shoals:4)
  4 yaktaur captains
  2 satyrs
  2 centaur warriors
  3 naga sharpshooters
  A tengu warrior (Depths:4)
  A manticore (Shoals:4)
  A faun (Shoals:2)
  2 cyclopes
  An efreet (Zot:2)
  22 yaktaurs
  2 orc warriors (Orc:2)
  An orc wizard (D:11)
  An orc (Orc:2)
  7 fungi
  12 plants
  13 tentacles (Shoals:4)
85 creatures vanquished.

Grand Total: 2563 creatures vanquished

Notes
Turn   | Place    | Note
-------+----------+-------------------------------------------
     0 | D:1      | panicbit the Minotaur Fighter began the quest for the Orb.
     0 | D:1      | Reached XP level 1. HP: 19/19 MP: 0/0
   257 | D:1      | Reached XP level 2. HP: 26/27 MP: 1/1
   973 | D:2      | Reached XP level 3. HP: 21/33 MP: 2/2
  1617 | D:3      | Noticed KleinerIrrer's ghost (weakling OpIE)
  1623 | D:3      | Killed KleinerIrrer's ghost
  1623 | D:3      | Reached XP level 4. HP: 40/40 MP: 3/3
  1848 | D:3      | Reached XP level 5. HP: 25/46 MP: 4/4
  2223 | D:4      | Noticed a phantom
  2226 | D:4      | Noticed KleinerIrrer's ghost (amateur OpTm)
  2234 | D:4      | Killed a phantom
  2234 | D:4      | Reached skill level 5 in Axes
  2250 | D:4      | Killed KleinerIrrer's ghost
  2250 | D:4      | Reached skill level 1 in Dodging
  2250 | D:4      | Reached XP level 6. HP: 38/55 MP: 5/5
  2426 | D:4      | Found Borik's Weapon Boutique.
  2443 | D:4      | Reached XP level 7. HP: 60/60 MP: 6/6
  2451 | D:4      | Reached skill level 5 in Fighting
  2459 | D:4      | Reached skill level 5 in Armour
  2459 | D:4      | Reached skill level 5 in Shields
  2734 | D:4      | Found a snail-covered altar of Cheibriados.
  2954 | D:4      | Found a staircase to the Ecumenical Temple.
  2964 | Temple   | Entered the Ecumenical Temple
  2970 | Temple   | Became a worshipper of Warmaster Okawaru
  3422 | D:5      | Entered Level 5 of the Dungeon
  3427 | D:5      | Found a radiant altar of Vehumet.
  3455 | D:5      | Noticed Edmund
  3474 | D:5      | Killed Edmund
  3474 | D:5      | Reached * piety under Okawaru
  3525 | D:5      | Reached XP level 8. HP: 54/69 MP: 7/7
  3728 | D:5      | Noticed Dowan
  3739 | D:5      | Killed Dowan
  3740 | D:5      | Noticed Duvessa
  3753 | D:5      | Killed Duvessa
  4874 | D:6      | Reached skill level 1 in Stealth
  4889 | D:6      | Found a shadowy altar of Dithmenos.
  4954 | D:6      | Found a stormy altar of Qazlal.
  5028 | D:6      | Reached ** piety under Okawaru
  5244 | D:6      | Reached XP level 9. HP: 61/78 MP: 8/8
  5342 | D:7      | Reached skill level 10 in Axes
  5489 | D:7      | Found an iron altar of Okawaru.
  5708 | D:7      | Noticed a two-headed ogre
  5715 | D:7      | Killed a two-headed ogre
  5715 | D:7      | Reached *** piety under Okawaru
  5764 | D:7      | Reached **** piety under Okawaru
  6135 | D:7      | Found a stormy altar of Qazlal.
  6137 | D:7      | Found a hide-covered altar of Uskayaw.
  6140 | D:7      | Found an opulent altar of Gozag.
  6141 | D:7      | Found a sparkling altar of Nemelex Xobeh.
  6374 | D:8      | Noticed a two-headed ogre
  6383 | D:8      | Killed a two-headed ogre
  6383 | D:8      | Reached XP level 10. HP: 57/86 MP: 6/9
  6477 | D:8      | Noticed a two-headed ogre
  6487 | D:8      | Killed a two-headed ogre
  6487 | D:8      | Reached ***** piety under Okawaru
  6487 | D:8      | Received a gift from Okawaru
  6487 | D:8      | Reached skill level 1 in Invocations
  6489 | D:8      | Got a distressingly furry crystal plate armour {god gift}
  6500 | D:8      | Identified the +0 crystal plate armour of Minor Irritation {rN+ MR+} (Okawaru gifted it to you on level 8 of the Dungeon)
  7328 | D:9      | Noticed a centaur warrior
  7340 | D:9      | Killed a centaur warrior
  7370 | D:9      | Found a bloodstained altar of Trog.
  7540 | D:9      | Noticed a two-headed ogre
  7549 | D:9      | Killed a two-headed ogre
  7549 | D:9      | Reached XP level 11. HP: 87/95 MP: 8/11
  7562 | D:9      | Found an ancient bone altar of Kikubaaqudgha.
  7895 | D:9      | Noticed a two-headed ogre
  7908 | D:9      | Killed a two-headed ogre
  7917 | D:10     | Entered Level 10 of the Dungeon
  7943 | D:10     | Got a scorched ivory ring
  7951 | D:10     | Identified the ring of Atsynarch {+Blink Int+3 Stlth-} (You found it on level 10 of the Dungeon)
  8508 | D:10     | Got a slimy plate armour
  8519 | D:10     | Identified the cursed +0 plate armour "Buecuck" {rPois} (You found it on level 10 of the Dungeon)
  8905 | D:11     | Noticed Josephine
  8918 | D:11     | Received a gift from Okawaru
  8923 | D:11     | Killed Josephine
  8958 | D:11     | Got a fine broad axe {god gift}
  8959 | D:11     | Identified the +1 broad axe "Laremm" {chop, +Fly MR- Int+9 Dex-2} (Okawaru gifted it to you on level 11 of the Dungeon)
  9136 | D:11     | Killed an unseen horror
  9374 | D:11     | Reached skill level 15 in Axes
  9421 | D:11     | Found a staircase to the Lair.
  9518 | Lair:1   | Entered Level 1 of the Lair of Beasts
  9656 | Lair:1   | Received a gift from Okawaru
  9657 | Lair:1   | Got a shimmering battleaxe {god gift}
  9728 | Lair:1   | Identified the +10 battleaxe of the Hills {chop, *Contam rElec rC+} (Okawaru gifted it to you on level 1 of the Lair of Beasts)
  9737 | Lair:1   | Noticed a six-headed hydra
  9745 | Lair:1   | Noticed a five-headed hydra
  9748 | Lair:1   | Killed a six-headed hydra
  9748 | Lair:1   | Reached skill level 10 in Armour
  9756 | Lair:1   | Killed a five-headed hydra
  9756 | Lair:1   | Reached skill level 1 in Maces & Flails
  9756 | Lair:1   | Reached skill level 10 in Shields
  9756 | Lair:1   | Reached XP level 12. HP: 81/106 MP: 11/13
  9914 | Lair:1   | Noticed a seven-headed hydra
  9922 | Lair:1   | Killed an 11-headed hydra
  9922 | Lair:1   | Reached skill level 10 in Fighting
 10237 | Lair:1   | Received a gift from Okawaru
 10238 | Lair:1   | Got an iridescent glaive {god gift}
 10276 | Lair:1   | Identified the +8 glaive "Neisooq" {drain, Fragile rF- Str+9 Dex+4} (Okawaru gifted it to you on level 1 of the Lair of Beasts)
 10292 | Lair:1   | Gained mutation: You are dopey. (Int -2) [mutagenic glow]
 10331 | Lair:1   | Reached skill level 1 in Polearms
 11102 | Lair:2   | Noticed Rhok's ghost (journeyman MiBe)
 11120 | Lair:2   | Killed Rhok's ghost
 11321 | Lair:2   | Noticed a five-headed hydra
 11330 | Lair:2   | Killed a ten-headed hydra
 11339 | Lair:2   | Reached skill level 5 in Polearms
 12035 | Lair:3   | Found a staircase to the Snake Pit.
 12429 | Lair:3   | Noticed a six-headed hydra
 12435 | Lair:3   | Killed a nine-headed hydra
 12435 | Lair:3   | Reached ****** piety under Okawaru
 12443 | Lair:3   | Received a gift from Okawaru
 12552 | Lair:3   | Found a staircase to the Shoals.
 12604 | Lair:3   | Reached XP level 13. HP: 115/115 MP: 14/14
 13187 | Lair:4   | Noticed Urug
 13194 | Lair:4   | Killed Urug
 13297 | Lair:4   | Noticed Kirke
 13308 | Lair:4   | Killed Kirke
 13308 | Lair:4   | Reached skill level 10 in Polearms
 13990 | Lair:5   | Found a labyrinth entrance.
 14031 | Lab      | Entered a labyrinth
 16463 | Lab      | Noticed dvd's ghost (journeyman DDNe)
 16479 | Lab      | Killed dvd's ghost
 16917 | Lab      | Noticed a minotaur
 16923 | Lab      | Killed a minotaur
 16934 | Lab      | Got a pair of warped boots
 16963 | Lair:5   | Found a staircase to the Slime Pits.
 16973 | Lair:5   | Received a gift from Okawaru
 17045 | Lair:5   | Identified the +2 pair of boots "Enkuju" {Str+2} (You found it in a labyrinth)
 17550 | Lair:5   | Found a deep blue altar of Sif Muna.
 17665 | Lair:6   | Entered Level 6 of the Lair of Beasts
 17865 | Lair:6   | Reached XP level 14. HP: 124/126 MP: 14/16
 17984 | Lair:6   | Received a gift from Okawaru
 19591 | D:12     | Found a frozen archway.
 19691 | D:12     | Found a staircase to the Orcish Mines.
 19695 | D:12     | Reached skill level 15 in Polearms
 20322 | D:12     | Found an opulent altar of Gozag.
 20435 | D:12     | Noticed Maurice
 20444 | D:12     | Killed Maurice
 20607 | D:12     | Noticed Nessos
 20614 | D:12     | Killed Nessos
 20677 | D:12     | Reached XP level 15. HP: 123/135 MP: 14/17
 21066 | D:13     | Got a pair of polished gloves
 21077 | D:13     | Identified the +1 pair of gloves of the Swamp {rC+} (You found it on level 13 of the Dungeon)
 21094 | D:13     | Found a gate to the Vaults.
 21297 | D:14     | Received a gift from Okawaru
 21298 | D:14     | Got a bloodstained plate armour {god gift}
 21309 | D:14     | Identified the +0 plate armour "Daantuji" {Int+2 Dex+4} (Okawaru gifted it to you on level 14 of the Dungeon)
 21349 | D:14     | Found a white marble altar of Elyvilon.
 21818 | D:14     | Identified a scroll of acquirement
 22183 | D:15     | Entered Level 15 of the Dungeon
 22965 | D:15     | Found a staircase to the Depths.
 23279 | Shoals:1 | Entered Level 1 of the Shoals
 23344 | Shoals:1 | Noticed PeterMcNeter's ghost (journeyman DEVM)
 23366 | Shoals:1 | Killed PeterMcNeter's ghost
 23366 | Shoals:1 | Reached skill level 5 in Invocations
 23856 | Shoals:1 | Reached XP level 16. HP: 140/146 MP: 18/18
 24049 | Shoals:2 | Received a gift from Okawaru
 25264 | Shoals:3 | Noticed Bai Suzhen
 25318 | Shoals:3 | Killed Bai Suzhen
 25318 | Shoals:3 | Received a gift from Okawaru
 25318 | Shoals:3 | Reached skill level 15 in Fighting
 25401 | Shoals:3 | Found Beazann's Armour Shoppe.
 25415 | Shoals:3 | Bought a +2 shield of protection for 301 gold pieces
 25415 | Shoals:3 | Bought a +2 pair of gloves of dexterity for 301 gold pieces
 25966 | Shoals:3 | Noticed Polyphemus
 25978 | Shoals:3 | Killed Polyphemus
 26016 | Shoals:4 | Entered Level 4 of the Shoals
 26116 | Shoals:4 | Received a gift from Okawaru
 26261 | Shoals:4 | Noticed Ilsuiw
 26710 | Shoals:4 | Noticed Nikola
 26764 | Shoals:4 | Killed Nikola
 26896 | Shoals:3 | Reached XP level 17. HP: 55/156 MP: 16/20
 27261 | Shoals:4 | Killed Ilsuiw
 28202 | Shoals:4 | Reached skill level 15 in Armour
 28258 | Shoals:4 | Noticed a kraken
 28286 | Shoals:4 | Killed a kraken
 28489 | Shoals:4 | Noticed a kraken
 28498 | Shoals:4 | Killed a kraken
 28508 | Shoals:4 | Got a barnacled rune of Zot
 28610 | Shoals:4 | Reached skill level 15 in Shields
 28847 | Shoals:4 | Identified the Compendium of Flames and Weightlessness
 29087 | Slime:1  | Entered Level 1 of the Pits of Slime
 29087 | Slime:1  | Noticed an acid blob
 29093 | Slime:1  | Noticed an acid blob
 29095 | Slime:1  | Killed an acid blob
 29101 | Slime:1  | Killed an acid blob
 29575 | Slime:2  | Noticed an acid blob
 29584 | Slime:2  | Noticed an acid blob
 29587 | Slime:2  | Killed an acid blob
 29598 | Slime:2  | Killed an acid blob
 29598 | Slime:2  | Received a gift from Okawaru
 30453 | Orc:1    | Entered Level 1 of the Orcish Mines
 30674 | Orc:2    | Entered Level 2 of the Orcish Mines
 30708 | Orc:1    | Found Ecry's Assorted Antiques.
 30756 | Orc:1    | Bought a cyan potion for 26 gold pieces
 30887 | Orc:1    | Found a bloodstained altar of Trog.
 31411 | Orc:2    | Reached XP level 18. HP: 79/168 MP: 16/21
 31631 | Orc:2    | Found Vaucal's Distillery.
 31634 | Orc:2    | Found Qoromiod's Antique Armour Emporium.
 31635 | Orc:2    | Found Vikel's Weapon Emporium.
 31636 | Orc:2    | Found Epreethoshro's Book Shoppe.
 31640 | Orc:2    | Bought a pair of distressingly furry boots for 275 gold pieces
 31650 | Orc:2    | Identified the +1 pair of boots of the Thistle {Dex+4} (You bought it in a shop on level 2 of the Orcish Mines)
 31663 | Orc:2    | Bought a potion of curing for 51 gold pieces
 31663 | Orc:2    | Bought a potion of curing for 51 gold pieces
 31663 | Orc:2    | Bought a potion of haste for 170 gold pieces
 31663 | Orc:2    | Bought 2 potions of haste for 340 gold pieces
 31663 | Orc:2    | Bought a potion of heal wounds for 85 gold pieces
 31663 | Orc:2    | Bought a potion of heal wounds for 85 gold pieces
 31663 | Orc:2    | Bought a potion of heal wounds for 85 gold pieces
 31663 | Orc:2    | Bought a potion of curing for 51 gold pieces
 31803 | Orc:2    | Found a staircase to the Elven Halls.
 31964 | Vaults:1 | Entered Level 1 of the Vaults
 32515 | Vaults:1 | Paralysed by a great orb of eyes for 5 turns
 33831 | Vaults:1 | Received a gift from Okawaru
 34493 | Vaults:2 | Noticed Mennas
 34567 | Vaults:2 | Killed Mennas
 34567 | Vaults:2 | Received a gift from Okawaru
 35143 | Vaults:2 | Reached XP level 19. HP: 161/179 MP: 23/23
 35814 | Vaults:2 | Found a staircase to the Crypt.
 36800 | Vaults:3 | Received a gift from Okawaru
 36801 | Vaults:3 | Got a translucent hand crossbow {god gift}
 36928 | Vaults:3 | Noticed Frederick
 36935 | Vaults:3 | Killed Frederick
 37476 | Vaults:3 | Received a gift from Okawaru
 37682 | Vaults:3 | Received a gift from Okawaru
 38308 | Vaults:3 | Reached XP level 20. HP: 181/191 MP: 22/24
 39944 | Vaults:4 | Received a gift from Okawaru
 41014 | Vaults:5 | Entered Level 5 of the Vaults
 41082 | Vaults:5 | Received a gift from Okawaru
 41317 | Vaults:5 | Reached XP level 21. HP: 202/202 MP: 25/25
 41365 | Vaults:5 | Identified the Reference Book on Displaced Confrontation
 41379 | Vaults:5 | Reached skill level 1 in Unarmed Combat
 41379 | Vaults:5 | Reached XP level 22. HP: 176/211 MP: 26/26
 42036 | Vaults:5 | Noticed a golden dragon
 42044 | Vaults:5 | Killed a golden dragon
 42201 | Vaults:5 | Received a gift from Okawaru
 43142 | Vaults:5 | Identified the Handbook of Evil Confrontation
 43792 | Vaults:5 | Noticed an ancient lich
 43805 | Vaults:5 | Killed an ancient lich
 43871 | Vaults:5 | Got a silver rune of Zot
 43978 | Vaults:5 | Reached XP level 23. HP: 204/221 MP: 28/28
 44010 | Vaults:5 | Received a gift from Okawaru
 44084 | Vaults:5 | Identified the Collected Works on the Helpful Rocks
 45027 | Snake:1  | Entered Level 1 of the Snake Pit
 45752 | Snake:2  | Found Ifimne's Magic Scroll Emporium.
 45795 | Snake:2  | Bought a scroll of enchant armour for 142 gold pieces
 45795 | Snake:2  | Bought a scroll of enchant armour for 142 gold pieces
 45795 | Snake:2  | Bought a scroll of enchant armour for 142 gold pieces
 46948 | Snake:3  | Reached skill level 5 in Dodging
 47232 | Snake:4  | Entered Level 4 of the Snake Pit
 47594 | Snake:4  | Received a gift from Okawaru
 47605 | Snake:4  | Got a ruby-studded plate armour {god gift}
 47616 | Snake:4  | Identified the +3 plate armour of the Pure Lives {Dex+3} (Okawaru gifted it to you on level 4 of the Snake Pit)
 47701 | Snake:4  | Got a serpentine rune of Zot
 48752 | Depths:1 | Entered Level 1 of the Depths
 48798 | Depths:1 | Noticed Mara
 48799 | Depths:1 | Noticed Asterion
 48803 | Depths:1 | Noticed panicbit's illusion
 48819 | Depths:1 | Killed Asterion
 49228 | Depths:1 | Killed Mara
 49228 | Depths:1 | Reached XP level 24. HP: 233/233 MP: 22/28
 49240 | Depths:1 | Got a twisted shield
 49251 | Depths:1 | Identified the +2 shield of Daclag {-Tele rN+ Int+6 Stlth+} (You took it off Asterion on level 1 of the Depths)
 49435 | Depths:1 | Found a portal to a secret trove of treasure.
 49485 | Depths:1 | Found a gateway to Hell.
 49859 | Depths:1 | Received a gift from Okawaru
 50102 | Depths:1 | Noticed Aizul
 50116 | Depths:1 | Killed Aizul
 50276 | Depths:1 | Found a one-way gate to the infinite horrors of the Abyss.
 50659 | Depths:2 | Found Zomeept's Antique Armour Emporium.
 50868 | Depths:2 | Found Femecau's Magic Scroll Boutique.
 50916 | Depths:2 | Found Qoimipic's Antique Armour Emporium.
 51090 | Depths:2 | Found Dekax's Gadget Emporium.
 51125 | Depths:2 | Found Dayhiph's Magic Scroll Emporium.
 51134 | Depths:2 | Bought a scroll of enchant armour for 127 gold pieces
 51387 | Depths:2 | Received a gift from Okawaru
 52607 | Depths:2 | Received a gift from Okawaru
 52937 | Depths:2 | Identified Sif Muna's Advanced Hermeneutics
 53427 | D:15     | Reached XP level 25. HP: 243/243 MP: 28/28
 53580 | Orc:2    | Bought a shiny crystal plate armour for 2407 gold pieces
 54035 | Depths:3 | Got a dazzling plate armour
 54054 | Depths:3 | Received a gift from Okawaru
 54077 | Depths:2 | Identified the cursed +1 plate armour of the Burgomaster {rElec rC- rN++ MP-9} (You found it on level 3 of the Depths)
 54274 | Depths:3 | Noticed Margery
 54593 | Depths:3 | Killed Margery
 54821 | Depths:3 | Found a one-way gate leading to the halls of Pandemonium.
 55369 | Depths:3 | Found a gateway to a ziggurat.
 55595 | Depths:3 | Noticed Boris
 55607 | Depths:3 | Killed Boris
 56043 | Depths:3 | Paralysed by a floating eye for 3 turns
 56169 | Depths:3 | Noticed a juggernaut
 56183 | Depths:3 | Killed a juggernaut
 56423 | Depths:3 | Got a scintillating silver amulet
 56425 | Depths:3 | Identified the amulet "Joudar" {Harm -Tele *Drain rF+ Dex+7} (You found it on level 3 of the Depths)
 56763 | Depths:5 | Entered Level 5 of the Depths
 57688 | Depths:4 | Found a runed door.
 57701 | Depths:4 | Found a runed door.
 57701 | Depths:4 | Noticed a juggernaut
 57902 | Depths:4 | Found a runed door.
 57902 | Depths:4 | Found a runed door.
 57976 | Depths:4 | Noticed a juggernaut
 57998 | Depths:4 | Killed a juggernaut
 58615 | Depths:4 | Found a runed door.
 58714 | Depths:4 | Reached XP level 26. HP: 108/256 MP: 29/29
 59272 | Depths:4 | Noticed Jory
 59298 | Depths:4 | Killed Jory
 59490 | Depths:4 | Received a gift from Okawaru
 59510 | Depths:4 | Got a warped crystal plate armour {god gift}
 59521 | Depths:4 | Identified the +9 crystal plate armour of Zishrep {rPois rN+ MR- Int+3} (Okawaru gifted it to you on level 4 of the Depths)
 60584 | Depths:4 | Identified Sif Muna's Papyrus of Clay
 60881 | Depths:4 | Found a runed door.
 61169 | Depths:4 | Reached skill level 27 in Shields
 61202 | Depths:4 | Received a gift from Okawaru
 61499 | Depths:4 | Identified a +1 pair of boots of running (You found it on level 4 of the Depths)
 61835 | Depths:4 | Identified the Handbook of the Desert
 61836 | Depths:4 | Got a flickering marble ring
 61992 | Depths:4 | Killed a juggernaut
 62179 | Depths:5 | Reached XP level 27. HP: 176/268 MP: 29/29
 62447 | Depths:5 | Reached skill level 10 in Invocations
 62520 | Depths:5 | Reached skill level 27 in Axes
 63088 | Depths:5 | Received a gift from Okawaru
 63130 | Depths:5 | Identified the ring of Yckufe {rElec Str+5 Int+4 Stlth+} (You found it on level 4 of the Depths)
 63207 | Depths:5 | Noticed Jorgrun
 63218 | Depths:5 | Killed Jorgrun
 64006 | Depths:5 | Found a gate to the Realm of Zot.
 64856 | Snake:2  | Bought a scroll of identify for 38 gold pieces
 64856 | Snake:2  | Bought a scroll of identify for 38 gold pieces
 65152 | Depths:2 | Bought a scroll of identify for 28 gold pieces
 65207 | Depths:2 | Reached skill level 27 in Fighting
 65254 | Depths:2 | Bought a scroll of identify for 34 gold pieces
 65254 | Depths:2 | Bought a scroll of identify for 34 gold pieces
 65318 | Depths:1 | You paid a toll of 17 scrolls of identify to enter a treasure trove
 65319 | Trove    | Entered a treasure trove
 65372 | Trove    | Got a steaming iron ring
 65374 | Trove    | Identified the ring "Paed Satho" {rCorr MP+9 Str+2} (You found it in a treasure trove)
 65388 | Trove    | Got a translucent bronze ring
 65390 | Trove    | Identified the ring of the Greedy {rF+ rC+ MR+} (You found it in a treasure trove)
 65421 | Trove    | Got a wavering amber ring
 65423 | Trove    | Identified the ring of Nuos {EV+2 Str+3 Dex+3} (You found it in a treasure trove)
 65476 | Trove    | Got a shimmering hat
 65487 | Trove    | Identified the +1 hat of the Bard {rF+ Str+4} (You found it in a treasure trove)
 65810 | Zot:1    | Entered Level 1 of the Realm of Zot
 65824 | Zot:1    | Reached skill level 1 in Evocations
 66024 | Zot:1    | Noticed PeterMcNeter's ghost (legendary DrTm)
 66098 | Zot:1    | Killed PeterMcNeter's ghost
 66645 | Zot:1    | Received a gift from Okawaru
 67178 | Zot:1    | Noticed an orb of fire
 67180 | Zot:1    | Gained mutation: You occasionally shout uncontrollably at your foes. [an orb of fire]
 67181 | Zot:1    | Gained mutation: You are covered in fur. (AC +1) [an orb of fire]
 67182 | Zot:1    | Gained mutation: You are very dopey. (Int -4) [an orb of fire]
 67198 | Zot:1    | Killed an orb of fire
 68379 | Zot:2    | Received a gift from Okawaru
 69087 | Zot:2    | Reached skill level 5 in Evocations
 71402 | Zot:4    | Received a gift from Okawaru
 71423 | Zot:4    | Got a pair of ichor-stained gloves {god gift}
 71434 | Zot:4    | Identified the +3 pair of gloves of the Wumpus {-Cast rPois rN+++} (Okawaru gifted it to you on level 4 of the Realm of Zot)
 72542 | Zot:5    | Entered Level 5 of the Realm of Zot
 73254 | Zot:5    | Noticed an ancient lich
 73279 | Zot:5    | Noticed an orb of fire
 73283 | Zot:5    | Gained mutation: You expend magic power (3 MP) to strengthen your wands. [an orb of fire]
 73286 | Zot:5    | Gained mutation: Armour fits poorly on your strangely shaped body. [an orb of fire]
 73289 | Zot:5    | Gained mutation: Scrolls take you a little longer to read. [an orb of fire]
 73290 | Zot:5    | Gained mutation: Scrolls take you longer to read. [an orb of fire]
 73290 | Zot:5    | Killed from afar by an ancient lich

Skill      XL: |  1  2  3  4  5  6  7  8  9 10 11 12 13 14 15 16 17 18 19 20 21 22 23 24 25 26 27 |
---------------+----------------------------------------------------------------------------------+-----
Fighting       | 4 5 6 7 8 9 10 12 13 14 15 16 18 19 20 21 22 23 24 25 27 | 27.0
Axes           | 3 4 6 7 9 12 13 15 16 18 19 20 21 22 23 24 25 26 27 | 27.0
Shields        | 4 5 6 7 8 10 12 14 15 17 18 20 21 23 24 26 27 | 27.0
Armour         | 4 5 6 7 9 10 11 12 13 14 15 16 17 18 19 26 | 26.2
Dodging        | 1 2 3 4 5 |  5.0
Stealth        | 1 2 |  2.5
Invocations    | 1 3 4 5 6 7 8 9 13 | 13.7
Maces & Flails | 1 2 |  2.2
Polearms       | 7 12 15 | 15.2
Unarmed Combat | 1 |  1.5
Evocations     | 5 |  5.1

Action                   |  1- 3 |  4- 6 |  7- 9 | 10-12 | 13-15 | 16-18 | 19-21 | 22-24 | 25-27 || total
-------------------------+-------+-------+-------+-------+-------+-------+-------+-------+-------++-------
Melee: War axe           |    97 |    72 |   323 |   360 |       |       |       |       |       ||   852
       Headbutt          |    12 |    10 |    72 |   157 |   254 |   447 |   373 |   695 |  1201 ||  3221
       Broad axe         |       |       |       |    92 |   483 |  1513 |  1153 |  1966 |  3080 ||  8287
       Flail             |       |       |       |    12 |       |       |       |       |       ||    12
       Glaive            |       |       |       |   122 |   508 |       |       |       |       ||   630
       Battleaxe         |       |       |       |    34 |       |       |       |       |       ||    34
Invok: Heroism           |       |       |     7 |    16 |    38 |    49 |    25 |    63 |    91 ||   289
       Finesse           |       |       |       |     5 |     8 |    10 |     2 |     4 |     4 ||    33
 Abil: Evoke Ratskin     |       |       |       |       |     1 |       |       |       |       ||     1
       Evoke Blink       |       |       |       |       |       |     1 |       |       |       ||     1
Evoke: Wand              |       |       |       |       |       |       |       |       |    10 ||    10
  Use: Scroll            |       |       |     1 |    13 |    19 |     2 |    11 |    12 |     8 ||    66
       Potion            |       |       |       |       |     1 |     6 |     1 |     1 |     5 ||    14
 Stab: Petrified         |       |       |       |       |     5 |       |       |       |       ||     5
       Petrifying        |       |       |       |       |     1 |       |       |       |       ||     1
       Distracted        |       |       |       |       |       |       |     1 |     1 |       ||     2
  Eat: Chunk             |    14 |     3 |     4 |    18 |    12 |    24 |    17 |     5 |    13 ||   110
       Fruit             |       |       |       |     6 |    19 |     9 |       |     3 |       ||    37
       Royal jelly       |       |       |       |       |     4 |     5 |       |    14 |     4 ||    27
       Meat ration       |       |       |       |       |       |       |       |     2 |    10 ||    12
Armor: Scale mail        |    42 |    25 |    12 |       |       |       |       |       |       ||    79
       Chain mail        |       |       |    74 |    11 |       |       |       |       |       ||    85
       Crystal plate arm |       |       |       |   377 |   536 |   674 |   313 |   418 |  1022 ||  3340
       Plate armour      |       |       |       |       |       |       |       |    96 |       ||    96
Dodge: Dodged            |    40 |    10 |    74 |   136 |   382 |   287 |   175 |   282 |   537 ||  1923
Block: Shield            |    53 |    32 |   117 |   192 |   355 |  1198 |   870 |  1965 |  2925 ||  7707
       Reflection        |       |       |       |       |    29 |   134 |    47 |   183 |   105 ||   498
       Other             |       |       |       |       |     5 |       |       |       |       ||     5
